 Dungeon Crawl Stone Soup version 0.27.1-4-g1640c2035a (webtiles) character file.

Game seed: 8089422477895737626

20 tizbic2 the Chiller (level 2, 0/17 HPs)
             Began as an Octopode Ice Elementalist on Nov 14, 2021.
             Slain by an adder (2 damage)
             ... on level 2 of the Dungeon.
             The game lasted 00:06:18 (1520 turns).

tizbic2 the Chiller (Octopode Ice Elementalist)     Turns: 1520, Time: 00:06:18

Health: 0/17       AC:  1    Str:  7    XL:     2   Next: 79%
Magic:  5/5        EV: 13    Int: 17    God:
Gold:   13         SH:  0    Dex: 12    Spells: 4/5 levels left

rFire    . . .     SeeInvis .   e - staff of earth
rCold    . . .     Faith    .   (no shield)
rNeg     . . .     Spirit   .   (helmet restricted)
rPois    .         Reflect  .   (no amulet)
rElec    .         Harm     .   (no ring)
rCorr    .         Rampage  .   (no ring)
Will     .....                  (no ring)
Stlth    +++.......             (no ring)
HPRegen  0.05/turn              (no ring)
MPRegen  0.09/turn              (no ring)
                                (no ring)
                                (no ring)

@: very slightly contaminated, invisible
A: almost no armour, amphibious, 8 rings, camouflage 1, gelatinous body 1,
(nimble swimmer 1), tentacles
a: no special abilities


You were on level 2 of the Dungeon.
You visited 1 branch of the dungeon, and saw 2 of its levels.

You collected 13 gold pieces.

Inventory:

Magical Staves
 e - a staff of earth (weapon)
Scrolls
 b - a scroll of noise {unknown}
Potions
 a - a potion of degeneration {unknown}
 c - a potion of flight {unknown}
 f - a potion of brilliance {unknown}


   Skills:
 * Level 0.5 Staves
 * Level 2.3 Dodging
 - Level 2.8 Stealth
 - Level 0.1 Unarmed Combat
 + Level 2.1 Spellcasting
 + Level 4.1 Ice Magic
 + Level 0.2 Earth Magic
 * Level 0.5 Evocations


You had 4 spell levels left.
You knew the following spells:

 Your Spells              Type           Power      Damage    Failure   Level
a - Freeze                Ice            64%        1d8       3%          1

Your spell library contained the following spells:

 Spells                   Type           Power      Damage    Failure   Level
 Frozen Ramparts          Ice            32%        1d5       11%         3
 Ozocubu's Armour         Ice            16%        N/A       11%         3
 Hailstorm                Conj/Ice       8%         3d4       63%         4


Dungeon Overview and Level Annotations

Branches:
Dungeon (2/15)

Altars:


Innate Abilities, Weirdness & Mutations

You cannot wear most types of armour.
You are amphibious.
You can wear up to eight rings at the same time.
Your skin changes colour to match your surroundings (Stealth+).
Your rubbery body absorbs attacks. (AC +1, EV +1)
((You are camouflaged near water. (Stealth+)))
You have tentacles for arms and can constrict up to eight enemies at once.


Message History

There is an open door here.
There is an open door here.
There is a stone staircase leading down here.
You climb downwards.
Found a scroll labelled CIGEHI WEHAOHO.
There is a stone staircase leading up here.
The goblin shouts!
You strike the helpless adder from behind!
You hit the adder. Your grab misses the adder.
The adder is moderately wounded.
The adder barely misses you. The adder bites you.
The adder bites you but does no damage.
You closely miss the adder. Your grab misses the adder.
The adder is moderately wounded.
The adder completely misses you. The adder closely misses you.
You hit the adder. Your grab misses the adder.
The adder is heavily wounded.
The adder bites you.
You are poisoned.
The adder poisons you!
You closely miss the adder. Your grab misses the adder.
The adder is heavily wounded.
You feel sick. The adder barely misses you. The adder closely misses you.
You miss the adder. Your grab misses the adder.
The adder is heavily wounded.
You feel sick. The adder barely misses you.
It was a potion of invisibility.
You fade into invisibility!
You feel sick. The adder closely misses you.
You are very lightly contaminated with residual magic.
Drop what? 5/52 slots (_ for help) (? for menu, Esc to quit)
Okay, then.
Okay, then.
You feel sick. The adder closely misses you.
You feel sick.
Found an escape hatch in the ceiling.
You feel sick.
You are no longer poisoned.
The rat twitches its whiskers.
The adder bites you.
You die...

#########
......<.########
####@........
#rg.S....##.
###.#...P♣.....
#.#.....P♣P♣
.#..
#...<...P....
#...#.#.....##
#.#.......###
#.#?#..#..# #
..##.#..#


You could see an adder, a goblin (wandering) and a rat.

Vanquished Creatures
  A dart slug (D:1)
  2 endoplasms (D:1)
  A goblin (D:1)
  2 jackals (D:1)
  A quokka (D:1)
  2 ball pythons (D:1)
  3 bats (D:1)
  2 frilled lizards (D:1)
  A kobold (D:1)
  3 rats (D:1)
18 creatures vanquished.

Notes
Turn   | Place    | Note
-------+----------+-------------------------------------------
     0 | D:1      | tizbic2 the Octopode Ice Elementalist began the quest for
                  | the Orb.
     0 | D:1      | Reached XP level 1. HP: 11/11 MP: 3/3
   405 | D:1      | Found a faded altar of an unknown god.
   640 | D:1      | Reached XP level 2. HP: 14/17 MP: 5/5
  1520 | D:2      | Slain by an adder

Illustrated notes

Levels and vault maps discovered:
D:1:      nicolae_arrival_somewhat_less_tricky_arrival, layout_basic,
          chequers_ecumenical_altar_simple, corexii_leaking_fountain
D:2:      minmay_evil_eye, layout_loops_corners, serial_park_tiny_2,
          minmay_tromino_v4_c

Action                   || total
-------------------------++-------
Melee: Unarmed           ||    18
       Staff             ||    42
       Tentacles         ||     9
       Constrict         ||    10
  Use: Potion            ||     1
 Stab: Sleeping          ||     2
       Distracted        ||     1
Armor: Skin              ||    11
Dodge: Dodged            ||    59
